 Dungeon Crawl Stone Soup version bcrawl-1.13.2 (webtiles) character file.

Game seed: 9800464758275699851

59 Chiseanne the Sneak (level 3, -2/29 HPs)
             Began as a Demonspawn Archaeologist on Aug 12, 2019.
             Slain by a worm (8 damage)
             ... on level 2 of the Dungeon.
             The game lasted 00:02:34 (1654 turns).

Chiseanne the Sneak (Demonspawn Archaeologist)      Turns: 1654, Time: 00:02:35

Health: -2/29      AC:  6    Str: 11    XL:     3   Next: 78%
Magic:  3/3        EV: 13    Int: 15    God:
Gold:   111        SH:  4    Dex: 12    Spells: 2/2 levels left

rFire    . . .     SeeInvis .   o - +0 mace
rCold    . . .     Gourm    .   (no shield)
rNeg     . . .     Faith    .   b - +1 robe
rPois    .         Spirit   .   c - +1 hat
rElec    .         Reflect  .   (no cloak)
rCorr    .         Harm     .   (no gloves)
MR       .....                  d - +1 pair of boots
Stlth    ++........             (no amulet)
HPRegen  0.09/turn              (no ring)
MPRegen  0.08/turn              (no ring)

@: studying Axes
A: horns 1, large bone plates 1
a: no special abilities


You were on level 2 of the Dungeon.
You were not hungry.

You visited 1 branch of the dungeon, and saw 2 of its levels.

You collected 111 gold pieces.

Inventory:

Hand Weapons
 o - a +0 mace (weapon)
 w - a +0 hunting sling of freezing
Missiles
 n - 134 arrows
 q - 291 stones (quivered)
 s - 83 javelins
 u - 49 needles of confusion
Armour
 b - a +1 robe (worn)
 c - a +1 hat (worn)
 d - a +1 pair of boots (worn)
Jewellery
 r - a cursed amulet of inaccuracy {unknown}
Scrolls
 h - 4 scrolls of teleportation {unknown}
 i - a scroll of identify {unknown}
 k - 2 scrolls of blinking {unknown}
 p - a scroll of enchant armour {unknown}
Potions
 a - a potion of lignification {unknown}
 j - 2 potions of degeneration {unknown}
 l - a potion of heal wounds {unknown}
 m - 2 potions of curing {unknown}
 t - a potion of agility {unknown}
Books
 e - a manual of Axes
Miscellaneous
 f - an ancient crate
Comestibles
 g - 5 rations {!d}


   Skills:
 - Level 3.0 Fighting
 + Level 2.6(2.7) Axes
 - Level 0.8(1.9) Maces & Flails
 - Level 2.6 Dodging
 - Level 3.0 Stealth


You had 2 spell levels left.
You didn't know any spells.
Your spell library was empty.

Dungeon Overview and Level Annotations

Branches:
Dungeon (2/12)

Altars:
The Shining One


Innate Abilities, Weirdness & Mutations

You have a pair of small horns on your head.
You are partially covered in large bone plates. (SH +4)


Message History

You hit the worm but do no damage.
You headbutt the worm, but do no damage.
The worm bites you but does no damage.
You hit the worm but do no damage. You hit the worm.
The worm is moderately wounded.
The worm misses you.
You thump the worm! Your headbutt misses the worm.
The worm is severely wounded.
The worm bites you.
* * * LOW HITPOINT WARNING * * *
You hit the worm.
The worm is severely wounded.
The worm closely misses you.
You barely miss the worm.
The worm is severely wounded.
You barely miss the worm. Your headbutt misses the worm.
The worm is severely wounded.
The worm bites you!
You die...

#... #.## #.## #
#.## .# #.## .# #.##
###.# #..#
#.######...# ##.#
#..w@......# #.#
########.### #.# #.#
#.# #.# #.# #.# #.#
#######.# #.#
........### #.#
..........########.#
#########.......##..


You could see a worm.

Vanquished Creatures
  2 worms
  4 dart slugs
  2 bats (D:1)
  4 giant cockroaches
  3 goblins (D:1)
  8 hobgoblins
  8 jackals
  2 kobolds (D:1)
  2 frilled lizards (D:1)
  4 rats
39 creatures vanquished.

Notes
Turn   | Place    | Note
-------+----------+-------------------------------------------
     0 | D:1      | Chiseanne the Demonspawn Archaeologist began the quest for
                  | the Orb.
     0 | D:1      | Reached XP level 1. HP: 15/15 MP: 1/1
   239 | D:1      | Gained mutation: You are partially covered in large bone
                  | plates. (SH +4) [demonic ancestry]
   239 | D:1      | Reached XP level 2. HP: 6/22 MP: 2/2
   665 | D:1      | Gained mutation: You have a pair of small horns on your
                  | head. [demonic ancestry]
   665 | D:1      | Reached XP level 3. HP: 27/29 MP: 3/3
   701 | D:1      | Found a glowing golden altar of the Shining One.
   924 | D:1      | Reached skill level 1 in Axes
  1654 | D:2      | Slain by a worm

Skill      XL: |  1  2  3 |
---------------+----------+-----
Fighting       | 2 3 |  3.0
Axes           | 2 |  2.6
Maces & Flails | |  0.8
Dodging        | |  2.6
Stealth        | |  3.0

Action                   || total
-------------------------++-------
Melee: Whip              ||    84
       Mace              ||    71
       Headbutt          ||     9
 Stab: Sleeping          ||     7
  Eat: Chunk             ||     3
Armor: Robe              ||    66
Dodge: Dodged            ||   129
Block: Other             ||    15
